 Dungeon Crawl Stone Soup version 0.31.0-11-ge490571c62 (webtiles) character file.

Game seed: 9382450749432698222

578 CougarLife the Chopper (level 7, -6/55 HPs)
             Began as a Formicid Fighter on Jan 30, 2024.
             Was an Initiate of Okawaru.
             Killed from afar by an orc wizard (9 damage)
             ... with a magic dart
             ... on level 6 of the Dungeon.
             The game lasted 00:06:11 (3333 turns).

CougarLife the Chopper (Formicid Fighter)           Turns: 3333, Time: 00:06:11

Health: -6/55      AC:  9    Str: 23    XL:     7   Next: 62%
Magic:  7/7        EV:  9    Int:  7    God:    Okawaru [......]
Gold:   127        SH:  5    Dex: 13    Spells: 6/6 levels left

rFire   . . .        a - +0 war axe
rCold   . . .        c - +0 buckler
rNeg    . . .        b - +0 scale mail
rPois   .            (helmet unavailable)
rElec   .            f - +0 cloak {Stlth+}
rCorr   .            p - +0 pair of gloves
SInv    +            (no boots)
Will    .....        (no amulet)
Stlth   +            (no ring)
HPRegen 0.29/turn    (no ring)
MPRegen 0.10/turn

%: no passive effects
@: mighty, lethally poisoned (-6 -> -11)
A: permanent stasis, dig shafts and tunnels, antennae 3, four strong arms
a: Dig, Shaft Self, Renounce Religion


You were on level 6 of the Dungeon.
You worshipped Okawaru.
Okawaru was noncommittal.
You visited 2 branches of the dungeon, and saw 8 of its levels.

You collected 149 gold pieces.
You spent 22 gold pieces at shops.

Inventory:

Hand Weapons
 a - a +0 war axe (weapon)
Missiles
 t - 4 boomerangs
Armour
 b - a +0 scale mail (worn)
 c - a +0 buckler (worn)
 f - a +0 cloak of stealth (worn)
 p - a +0 pair of gloves (worn)
Wands
 r - a wand of flame (14)
Scrolls
 h - a scroll of silence {unknown}
 i - a scroll of amnesia {unknown}
 k - 2 scrolls of enchant weapon
 l - a scroll of poison {unknown}
 n - a scroll of enchant armour {unknown}
 q - a scroll of fog {unknown}
Potions
 d - a potion of might
 e - 2 potions of lignification {unknown}
 g - a potion of ambrosia {unknown}
 j - a potion of invisibility {unknown}
 o - 2 potions of curing {unknown}
 s - a potion of magic {unknown}
 u - a potion of cancellation {unknown}


   Skills:
 + Level 4.4 Fighting
 * Level 7.4 Axes
 - Level 3.2 Armour
 - Level 4.0 Shields


You had 6 spell levels left.
You didn't know any spells.
Your spell library contained the following spells:

 Spells                   Type           Power      Damage    Failure   Level
 Magic Dart               Conj           0%         1d3       80%         1
 Sublimation of Blood     Necr           0%         N/A       91%         2
 Passage of Golubria      Tloc           0%         N/A       100%        4
 Petrify                  Alch/Erth      0%         N/A       100%        4
 Irradiate                Conj/Alch      0%         3d11      100%        5
 Yara's Violent Unravell  Hex/Alch       0%         3d3       100%        5
 Blink                    Tloc           Unusable   N/A       N/A         2
 Call Imp                 Summ           Unusable   N/A       N/A         2
 Tukima's Dance           Hex            Unusable   N/A       N/A         3

Dungeon Overview and Level Annotations

Branches:
Dungeon (7/15)             Temple (1/1) D:5

Altars:
Ashenzari
Cheibriados
Elyvilon
Gozag
Nemelex Xobeh
Okawaru
Qazlal
Ru
Sif Muna
Uskayaw
Vehumet
Xom

Shops:
D:1 ?   D:2 :


Innate Abilities, Weirdness & Mutations

You cannot be hasted, slowed, berserked, paralysed or teleported.
You can dig through walls and to a lower floor.
You have a pair of large antennae on your head. (SInv)
Your four strong arms can wield two-handed weapons with a shield.


Message History

The water moccasin poisons you!
The orc wizard casts a spell.
The orc wizard flickers and vanishes for a moment.
You closely miss the water moccasin.
You feel very sick. The water moccasin closely misses you.
The water moccasin bites you but does no damage.
You closely miss the water moccasin.
You feel very sick. You block the water moccasin's attack.
You barely miss the water moccasin.
You feel very sick.
The water moccasin bites you but does no damage.
The water moccasin closely misses you.
You miss the water moccasin.
You feel sick. The water moccasin bites you.
You are more poisoned.
The water moccasin poisons you! You block the water moccasin's attack.
You hit the water moccasin.
The water moccasin is moderately wounded.
* * * LOW HITPOINT WARNING * * *
You feel very sick. You block the water moccasin's attack.
You slash the water moccasin!
The water moccasin is heavily wounded.
* * * LOW HITPOINT WARNING * * *
You feel very sick. The water moccasin closely misses you.
The water moccasin bites you but does no damage.
You slash the water moccasin!
The water moccasin is almost dead.
You feel sick. The water moccasin bites you.
* * * LOW HITPOINT WARNING * * *
You slice the water moccasin!!
You kill the water moccasin!
Okawaru accepts your kill.
* * * LOW HITPOINT WARNING * * *
You feel sick.
The orc wizard points at you and mumbles some strange words.
The magic dart hits you!
You die...

. { .## ... #.# #.# ###
...########.##########.....
...o..o{....#oo.@..........
[.###......[go########)....
#.######### ..> #. . . ## {


You could see an orc wizard (invisible), a gnoll and 2 orcs.

Vanquished Creatures
  A water moccasin (D:6)
  A black bear (D:4)
  A scorpion (D:5)
  A gnoll sergeant (D:7)
  A bullfrog (D:7)
  A bombardier beetle (D:3)
  An orc priest (D:6)
  A sleepcap (D:7)
  An iguana (D:4)
  An orc wizard (D:6)
  3 gnolls (D:7)
  3 adders (D:2)
  3 ribbon worms
  A dart slug (D:2)
  17 orcs
  7 ball pythons
  6 bats
  6 endoplasms
  3 giant cockroaches
  5 goblins
  10 hobgoblins
  2 jackals (D:1)
  4 kobolds
  4 quokkas
  2 frilled lizards
  7 rats
93 creatures vanquished.

Notes
Turn   | Place    | Note
-------+----------+-------------------------------------------
     0 | D:1      | CougarLife the Formicid Fighter began the quest for the
                  | Orb.
     0 | D:1      | Reached XP level 1. HP: 18/18 MP: 1/1
   268 | D:1      | Reached XP level 2. HP: 23/24 MP: 2/2
   291 | D:1      | Found Juwotol's Magic Scroll Boutique.
   394 | D:1      | Reached skill level 3 in Axes
   615 | D:1      | Reached XP level 3. HP: 29/29 MP: 3/3
   909 | D:2      | Found Itikh's Vocational Training.
  1063 | D:2      | Reached skill level 4 in Axes
  1063 | D:2      | Reached XP level 4. HP: 35/35 MP: 4/4
  1460 | D:1      | Bought a scroll of identify for 22 gold pieces
  1568 | D:3      | Reached XP level 5. HP: 41/41 MP: 5/5
  1658 | D:3      | Reached skill level 5 in Axes
  2173 | D:4      | Noticed a black bear
  2186 | D:4      | Killed a black bear
  2187 | D:4      | Reached skill level 6 in Axes
  2187 | D:4      | Reached XP level 6. HP: 40/47 MP: 6/6
  2537 | D:4      | Found a sparkling altar of Nemelex Xobeh.
  2645 | D:5      | Entered Level 5 of the Dungeon
  2690 | D:5      | Found a staircase to the Ecumenical Temple.
  2779 | Temple   | Entered the Ecumenical Temple
  2792 | Temple   | Became a worshipper of Warmaster Okawaru
  2875 | D:5      | Noticed an ogre
  2906 | D:5      | You fall into a shaft and drop 2 floors!
  2985 | D:7      | Reached XP level 7. HP: 40/53 MP: 7/7
  3187 | D:7      | Reached skill level 7 in Axes
  3314 | D:6      | Noticed a water moccasin
  3333 | D:6      | Killed a water moccasin
  3333 | D:6      | Killed from afar by an orc wizard

Illustrated notes

Levels and vault maps discovered:
D:1:      lemuel_arrival_muddy, layout_loops_ring, serial_shops, shop,
          chequers_garden
D:2:      layout_basic, st_stairs_3, nicolae_shop_vocational
D:3:      layout_rooms
D:4:      layout_cave_pools, mainiacjoe_overflow_boulevard
D:5:      layout_loops_ring, trog_antimagical,
          minmay_temple_entry_statues_pillars, sigmund_army
D:6:      layout_rooms, amethyst_killhole
D:7:      layout_loops_ring, minmay_misc_feat_more_columns
Temple:   minmay_temple_curvy_loop

Skill      XL: |  1  2  3  4  5  6  7 |
---------------+----------------------+-----
Axes           | 3 4 6 7 |  7.4
Fighting       | 4 |  4.4
Armour         | |  3.2
Shields        | |  4.0

Action                     |  1- 3 |  4- 6 |  7- 9 || total
---------------------------+-------+-------+-------++-------
  Melee: War axe           |    66 |   127 |    41 ||   234
Ability: Dig               |     2 |       |       ||     2
         Shaft Self        |       |     1 |       ||     1
  Evoke: Wand              |       |     5 |       ||     5
    Use: Scroll            |       |     3 |       ||     3
         Potion            |       |       |     1 ||     1
 Armour: Scale mail        |    48 |    86 |    30 ||   164
  Dodge: Dodged            |    40 |    49 |    11 ||   100
  Block: Buckler           |    20 |    31 |    11 ||    62
